 Dungeon Crawl Stone Soup version 0.23.2-1-ga50397a6bc (webtiles) character file.

Game seed: 13573518730498579589

78717 Gargoyl the Spear-Bearer (level 15, -8/128 HPs)
             Began as a Centaur Abyssal Knight on May 18, 2019.
             Was the Champion of Lugonu.
             Mangled by an orc warrior
             ... wielding a +0 battleaxe
              (17 damage)
             ... on level 2 of the Orcish Mines.
             The game lasted 01:02:12 (30434 turns).

Gargoyl the Spear-Bearer (Centaur Abyssal Knight)  Turns: 30434, Time: 01:02:13

Health: -8/128     AC: 13    Str: 25    XL:     15   Next: 19%
Magic:  24/24      EV: 14    Int: 15    God:    Lugonu [******]
Gold:   2441       SH:  8    Dex: 11    Spells: 14/14 levels left

rFire    + + .     SeeInvis +   d - +5 trident of the Gnat {speed, Int+2}
rCold    . . .     Gourm    .   M - +3 buckler {reflect}
rNeg     + + .     Faith    .   z - +2 leather armour of the Cricket {*Drain rPois Str+6}
rPois    +         Spirit   .   t - +2 helmet {SInv}
rElec    .         Reflect  +   K - +1 cloak "Tifa" {rPois rF+ rN+ Int+2}
rCorr    .         Harm     .   (no gloves)
MR       +....                  (no barding)
Stlth    +.........             P - amulet of regeneration
HPRegen  0.71/turn              C - ring of protection from fire
MPRegen  0.19/turn              Q - ring of positive energy

@: very quick
A: large, hooves 3, deformed body, speed 2, tough skin 3
a: Depart the Abyss, Bend Space, Banish, Corrupt, Enter the Abyss, Brand Weapon
With Distortion, Renounce Religion


You were on level 2 of the Orcish Mines.
You worshipped Lugonu.
Lugonu was exalted by your worship.
You were not hungry.

You visited 3 branches of the dungeon, and saw 23 of its levels.
You visited the Abyss 2 times.
You also visited: Ossuary and Gauntlet.

You collected 2553 gold pieces.
You spent 112 gold pieces at shops.

Inventory:

Hand Weapons
 d - the +5 trident of the Gnat (weapon) {speed, Int+2}
   (You found it on level 2 of the Abyss)

   Attacks with this weapon are significantly faster.
   It affects your intelligence (+2).
 i - a +1 war axe of freezing
 r - the +6 spear of Watchfulness {pierce, +Inv rC+ Int+3}
   (You took it off a spriggan on level 5 of the Lair of Beasts)

   It inflicts extra damage upon your enemies.
   It affects your intelligence (+3).
   It protects you from cold.
   It lets you turn invisible.
 E - a +4 broad axe
 N - a +0 broad axe of electrocution
Missiles
 O - 12 poisoned javelins (quivered)
Armour
 t - a +2 helmet of see invisible (worn)
 z - the +2 leather armour of the Cricket (worn) {*Drain rPois Str+6}
   (You found it on level 4 of the Dungeon)

   It affects your strength (+6).
   It protects you from poison.
   It causes draining when unequipped.
 K - the +1 cloak "Tifa" (worn) {rPois rF+ rN+ Int+2}
   (You found it on level 2 of the Lair of Beasts)

   It affects your intelligence (+2).
   It protects you from fire.
   It protects you from poison.
   It protects you from negative energy.
 M - a +3 buckler of reflection (worn)
Jewellery
 C - a ring of protection from fire (left hand)
 D - an uncursed ring of resist corrosion
 P - an amulet of regeneration (around neck)
 Q - a ring of positive energy (right hand)
 R - an uncursed ring of flight
Wands
 a - a wand of clouds (6)
 p - a wand of flame (32)
 x - a wand of random effects (20)
 y - a wand of iceblast (20)
 A - a wand of polymorph (9)
 F - a wand of digging (10)
 H - a wand of acid (21)
 L - a wand of paralysis (17)
Scrolls
 e - 10 scrolls of remove curse
 g - 3 scrolls of identify
 j - 6 scrolls of teleportation
 k - 2 scrolls of blinking
 w - 6 scrolls of amnesia
 I - 2 scrolls of magic mapping
 J - a scroll of fog
 S - a scroll of enchant armour
Potions
 b - a potion of invisibility
 f - 5 potions of flight
 h - 5 potions of brilliance
 l - 8 potions of curing
 m - 2 potions of heal wounds
 n - 7 potions of agility
 o - 3 potions of haste
 q - a potion of ambrosia
 s - 2 potions of magic
 u - 4 potions of lignification
 v - 2 potions of cancellation
 B - a potion of berserk rage
Comestibles
 c - 38 rations


   Skills:
 + Level 10.5 Fighting
 + Level 1.7(9.2) Axes
 + Level 13.6(13.7) Polearms
 + Level 1.7 Throwing
 * Level 8.7 Armour
 * Level 9.5 Dodging
 + Level 4.7 Shields
 * Level 12.0 Invocations


You had 14 spell levels left.
You didn't know any spells.
Your spell library contained the following spells:

 Spells                   Type           Power        Failure   Level  Hunger
 Confusing Touch          Hex            #.....       30%         1    ##.....
 Corona                   Hex            #......      30%         1    ##.....
 Flame Tongue             Conj/Fire      #....        30%         1    ##.....
 Infusion                 Chrm           #...         30%         1    ##.....
 Sting                    Conj/Pois      #...         30%         1    ##.....
 Summon Small Mammal      Summ           #...         30%         1    ##.....
 Call Imp                 Summ           #.......     41%         2    ###....
 Ensorcelled Hibernation  Hex/Ice        #.....       41%         2    ###....
 Poisonous Vapours        Pois/Air       #.....       41%         2    ###....
 Shroud of Golubria       Chrm/Tloc      #.........   41%         2    ###....
 Song of Slaying          Chrm           #.......     41%         2    ###....
 Throw Flame              Conj/Fire      #.....       41%         2    ###....
 Call Canine Familiar     Summ           #.......     65%         3    ####...
 Confuse                  Hex            #.......     65%         3    ####...
 Conjure Flame            Conj/Fire      #.......     65%         3    ####...
 Dazzling Spray           Conj/Hex       #.....       65%         3    ####...
 Gell's Gravitas          Tloc           #.........   65%         3    ####...
 Inner Flame              Hex/Fire       #.......     65%         3    ####...
 Mephitic Cloud           Conj/Pois/Air  #.......     65%         3    ####...
 Regeneration             Chrm/Necr      #.........   65%         3    ####...
 Spectral Weapon          Hex/Chrm       #.......     65%         3    ####...
 Summon Guardian Golem    Hex/Summ       #.......     65%         3    ####...
 Tukima's Dance           Hex            #.......     65%         3    ####...
 Leda's Liquefaction      Hex/Erth       #.........   96%         4    #####..
 Olgreb's Toxic Radiance  Pois           #.......     96%         4    #####..
 Petrify                  Tmut/Erth      #.......     96%         4    #####..
 Sticky Flame             Conj/Fire      #.......     96%         4    #####..
 Summon Ice Beast         Ice/Summ       #.......     96%         4    #####..
 Summon Lightning Spire   Summ/Air       #.......     96%         4    #####..
 Bolt of Magma            Conj/Fire/Erth #.........   100%        5    ######.
 Fireball                 Conj/Fire      #.........   100%        5    ######.
 Metabolic Englaciation   Hex/Ice        #.........   100%        5    ######.
 Venom Bolt               Conj/Pois      #.........   100%        5    ######.
 Yara's Violent Unravell  Hex/Tmut       #.........   100%        5    ######.
 Freezing Cloud           Conj/Ice/Air   #.........   100%        6    #######
 Iron Shot                Conj/Erth      #.........   100%        6    #######
 Statue Form              Tmut/Erth      #........    100%        6    #######
 Ring of Flames           Chrm/Fire      #.........   100%        7    #######
 Shatter                  Erth           #.........   100%        9    #######


Dungeon Overview and Level Annotations

Branches:
Dungeon (15/15)            Temple (0/1) D:6            Lair (6/6) D:11
 Shoals (0/4) Lair:4        Snake (0/4) Lair:3        Slime (0/5) Lair:6
    Orc (2/2) D:9             Elf (0/3) Orc:2        Vaults (0/5) D:14
 Depths (0/5) D:15

Altars:
Ashenzari
Elyvilon
Fedhas
Gozag
Hepliaklqana
Qazlal
Sif Muna
Trog
Uskayaw
Xom
Beogh

Shops:
D:4 %   Orc:1 ?

Annotations:
D:4 1 runed translucent door, Crazy Yiuf
D:8 1 runed translucent door


Innate Abilities, Weirdness & Mutations

You have hooves in place of feet.
Armour fits poorly on your strangely shaped body.
You cover ground very quickly.
You have extremely tough skin. (AC +3)


Message History

Your kick misses the orc high priest.
The orc high priest is heavily wounded.
The orc warrior closely misses you.
The orc knight hits you with a +0 dire flail!!
You puncture the orc high priest! Your kick misses the orc high priest.
The orc high priest is almost dead.
The orc warrior misses you.
The orc high priest utters an invocation to Beogh.
Unknown command.
You closely miss the orc high priest.
The orc high priest is almost dead.
You block the orc knight's attack.
The orc knight hits you with a +0 battleaxe!
The orc high priest mumbles some strange prayers to Beogh.
You barely miss the orc high priest. You kick the orc high priest.
The orc high priest is almost dead.
The orc knight hits you with a +0 dire flail!!
* * * LOW HITPOINT WARNING * * *
The orc warrior hits you with a +0 battleaxe!
You die...

##.####...........## ###...#
#...#...#...# ###.##.##
##.........# .#.. ##....#..#
#..#...#..# ..... #....>...#
##.......# .....
##.##.#..#######o.4#######......
#####...#....#.o........#......
#....#....##oo.......#......
##....).[[.o@o..............
##....<).)oo..........##..
##.#...#[)[.............#
#......#.4...<..........#..
#.....###.[[[...............
##.....#....................
##...###..#[...........##..
##.## ###..........#.## . ###
##.#.......###


You could see 3 orc knights, 2 orc high priests, 2 hellwings, 2 orc warriors and
an orc priest.

Vanquished Creatures
  Gastronok (Lair:2)
  Roxanne (D:14)
  A minotaur (Gauntlet)
  A fire dragon (Lair:6)
  A death ooze (Gauntlet)
  The ghost of Norn the Fighter, a journeyman OpWz of Sif Muna (Lair:5)
  4 hydras
  Harold (D:7)
  3 vault guards (D:14)
  Erica (Lair:1)
  3 two-headed ogres
  2 centaur warriors
  3 death yaks
  5 tengu warriors
  3 spriggans (Lair:5)
  A fire crab (Gauntlet)
  5 unseen horrors
  2 lindwurms (Lair:6)
  3 orc knights
  Pikel (D:7)
  10 ugly things
  2 cyclopes
  An elephant (shapeshifter) (D:12)
  Maurice (Orc:1)
  6 black mambas
  A smoke demon (Abyss:1)
  5 torpor snails (Lair:6)
  5 spiny frogs
  6 komodo dragons
  A rime drake (Lair:6)
  An efreet (D:13)
  A kobold demonologist (D:13)
  An ancient zyme (Abyss:1)
  4 trolls
  4 tengu conjurers
  11 hornets
  3 tyrant leeches (Lair:6)
  A wind drake (shapeshifter) (D:13)
  A blink frog (Lair:4)
  14 hippogriffs
  A dream sheep (Lair:4)
  8 slime creatures
  A wyvern (D:14)
  A wraith (D:13)
  A shadow (D:13)
  50 yaks
  A vampire (D:12)
  7 humans (D:14)
  5 fire bats (Gauntlet)
  Grum (D:10)
  A steam dragon (D:11)
  2 hungry ghosts (D:12)
  Menkaure (D:6)
  3 nagas
  5 soldier ants
  A warg (Orc:1)
  12 water moccasins
  9 porcupines
  A hell hound (Gauntlet)
  8 ice beasts
  24 orc warriors
  A slave (D:7)
  2 eyes of draining
  4 sky beasts
  A black bear (Lair:1)
  4 phantoms
  11 wolves
  16 centaurs
  6 ogres
  A boggart (Lair:5)
  9 crocodiles
  2 big kobolds
  15 bullfrogs
  6 scorpions
  30 killer bees
  3 wights (D:9)
  9 howler monkeys
  6 jellies
  5 centaur zombies
  5 crimson imps
  3 quasits
  2 bullfrog zombies
  33 orc priests
  2 human zombies (Ossuary)
  14 hounds
  2 bullfrog skeletons
  3 centaur skeletons
  6 iguanas
  23 orc wizards
  20 worker ants
  A big kobold zombie (Ossuary)
  2 mummies (Ossuary)
  Robin (D:3)
  A worker ant zombie (D:6)
  3 gnolls (Orc:1)
  15 adders
  4 shadow imps
  An ooze (D:3)
  An adder zombie (D:7)
  2 worms
  5 dart slugs
  12 leopard geckos
  97 orcs
  6 giant cockroaches
  15 goblins
  21 hobgoblins
  10 jackals
  4 quokkas
  3 ball pythons
  6 bats
  4 frilled lizards
  2 goblin zombies (Ossuary)
  9 hobgoblin zombies (Ossuary)
  A jackal zombie (Ossuary)
  23 kobolds
  12 kobold zombies (Ossuary)
  2 leopard gecko skeletons
  6 orc zombies (Ossuary)
  6 rats
  3 rat zombies (Ossuary)
  A plant (Lair:6)
788 creatures vanquished.

Vanquished Creatures (others)
  The ghost of Doxtoqo the Cleaver, a journeyman DDFi of Makhleb (Lair:4)
  A vault guard (D:14)
  A wraith (D:15)
  A human (D:14)
  A slave (D:7)
  An orc priest (D:7)
  An orc wizard (D:7)
  A leopard gecko (D:7)
  An orc (D:12)
  3 fungi
  8 plants
  3 withered plants (D:15)
23 creatures vanquished.

Grand Total: 811 creatures vanquished

Notes
Turn   | Place    | Note
-------+----------+-------------------------------------------
     0 | Abyss:1  | Gargoyl the Centaur Abyssal Knight began the quest for the
                  | Orb.
     0 | Abyss:1  | Reached XP level 1. HP: 19/19 MP: 2/2
   120 | Abyss:2  | Got an ancient trident
   121 | Abyss:2  | Identified the +5 trident of the Gnat {speed, Int+2} (You
                  | found it on level 2 of the Abyss)
   145 | Abyss:2  | Noticed a large abomination
   170 | Abyss:2  | Noticed a wretched star
   171 | D:1      | Escaped the Abyss
   592 | D:1      | Reached XP level 2. HP: 26/26 MP: 3/3
   642 | D:1      | Reached * piety under Lugonu
   664 | D:1      | Reached skill level 1 in Dodging
  1082 | D:1      | Reached XP level 3. HP: 22/31 MP: 4/4
  1770 | D:2      | Reached skill level 1 in Polearms
  1779 | D:2      | Reached ** piety under Lugonu
  1840 | D:2      | Reached XP level 4. HP: 36/38 MP: 5/5
  2618 | D:3      | Noticed Robin
  2635 | D:3      | Reached *** piety under Lugonu
  2655 | D:3      | Reached skill level 2 in Polearms
  2655 | D:3      | Reached XP level 5. HP: 32/45 MP: 7/7
  2672 | D:3      | Killed Robin
  3370 | D:4      | Reached XP level 6. HP: 47/51 MP: 8/8
  3400 | D:4      | Reached skill level 3 in Polearms
  3636 | D:4      | Noticed a +0 hand axe
  3638 | D:4      | Noticed a +0 hand axe
  3684 | D:4      | Found a sand-covered staircase.
  3690 | Ossuary  | Entered an ossuary
  3734 | Ossuary  | Reached **** piety under Lugonu
  4100 | D:4      | Found a hide-covered altar of Uskayaw.
  4105 | D:4      | Found Yrehak's Food Boutique.
  4112 | D:4      | Found a shimmering altar of Xom.
  4119 | D:4      | Reached skill level 4 in Polearms
  4119 | D:4      | Reached XP level 7. HP: 48/58 MP: 9/9
  4145 | D:4      | Found a shattered altar of Ashenzari.
  4321 | D:4      | Found a runed translucent door.
  4322 | D:4      | Noticed Crazy Yiuf
  4470 | D:4      | Got a brightly glowing leather armour
  4494 | D:4      | Identified the +2 leather armour of the Cricket {*Drain
                  | rPois Str+6} (You found it on level 4 of the Dungeon)
  4586 | D:5      | Entered Level 5 of the Dungeon
  4723 | D:5      | Found a blossoming altar of Fedhas.
  4942 | D:5      | Found a stormy altar of Qazlal.
  4943 | D:5      | Reached skill level 5 in Polearms
  4956 | D:5      | Reached ***** piety under Lugonu
  5053 | D:5      | Reached XP level 8. HP: 66/66 MP: 11/11
  5393 | D:6      | Reached skill level 6 in Polearms
  5611 | D:6      | Reached skill level 5 in Invocations
  5616 | D:6      | Noticed Menkaure
  5623 | D:6      | Killed Menkaure
  5807 | D:6      | Found a staircase to the Ecumenical Temple.
  6246 | D:7      | You fall through a shaft for 3 floors!
  6246 | D:10     | Entered Level 10 of the Dungeon
  6250 | D:10     | Reached XP level 9. HP: 73/73 MP: 12/12
  6372 | D:9      | Found a bloodstained altar of Trog.
  6421 | D:9      | Found a bloodstained altar of Trog.
  6430 | D:9      | Reached skill level 5 in Fighting
  6569 | D:8      | Found a runed translucent door.
  6646 | D:8      | Found a runed translucent gate.
  6648 | D:8      | Found a runed translucent gate.
  6651 | D:8      | Found the +9 staff of Olgreb {rPois}
  6654 | D:8      | Found a runed translucent door.
  6706 | D:8      | Reached skill level 1 in Shields
  7009 | D:7      | Reached skill level 7 in Polearms
  7231 | D:7      | Noticed Pikel
  7254 | D:7      | Killed Pikel
  7438 | D:6      | Reached XP level 10. HP: 54/82 MP: 14/14
  7662 | D:7      | Reached skill level 5 in Armour
  7685 | D:7      | Found a white marble altar of Elyvilon.
  7685 | D:7      | Found an opulent altar of Gozag.
  7685 | D:7      | Found a deep blue altar of Sif Muna.
  7711 | D:7      | Reached skill level 8 in Polearms
  8054 | D:7      | Found a hazy altar of Hepliaklqana.
  8142 | D:7      | Noticed Harold
  8165 | D:7      | Killed Harold
  8513 | D:8      | Found a runed translucent gate.
  9191 | D:9      | Found a staircase to the Orcish Mines.
  9200 | D:9      | Reached skill level 9 in Polearms
  9210 | D:9      | Reached ****** piety under Lugonu
  9246 | D:9      | Reached skill level 5 in Dodging
  9262 | D:9      | Found a white marble altar of Elyvilon.
  9598 | D:9      | Reached XP level 11. HP: 79/91 MP: 16/16
 10117 | D:10     | Noticed Grum
 10129 | D:10     | Killed Grum
 10544 | D:10     | Noticed an unseen horror
 10562 | D:10     | Killed an unseen horror
 11079 | D:10     | Noticed an unseen horror
 11114 | D:10     | Noticed a two-headed ogre
 11126 | D:10     | Killed an unseen horror
 11289 | D:10     | Killed a two-headed ogre
 11365 | D:10     | Reached skill level 10 in Polearms
 12608 | D:11     | Noticed a brown ugly thing
 12681 | D:11     | Killed a brown ugly thing
 12995 | D:11     | Found a staircase to the Lair.
 13025 | D:11     | Reached XP level 12. HP: 52/100 MP: 18/18
 13153 | D:11     | Noticed a two-headed ogre
 13167 | D:11     | Killed a two-headed ogre
 13851 | Lair:1   | Entered Level 1 of the Lair of Beasts
 13892 | Lair:1   | Noticed a five-headed hydra
 13913 | Lair:1   | Killed a five-headed hydra
 13962 | Lair:1   | Noticed Erica
 13977 | Lair:1   | Killed Erica
 14049 | Lair:1   | Reached skill level 11 in Polearms
 14091 | Lair:1   | Noticed a seven-headed hydra
 14101 | Lair:1   | Killed a seven-headed hydra
 14870 | Lair:2   | Noticed Gastronok
 14888 | Lair:2   | Killed Gastronok
 14888 | Lair:2   | Reached skill level 1 in Throwing
 15377 | Lair:2   | Got an encrusted cloak
 15388 | Lair:2   | Identified the +1 cloak "Tifa" {rPois rF+ rN+ Int+2} (You
                  | found it on level 2 of the Lair of Beasts)
 15741 | Lair:2   | You fall through a shaft!
 16404 | Lair:3   | Found a staircase to the Snake Pit.
 17576 | Lair:4   | Found a gate leading to a gauntlet.
 17586 | Gauntlet | Entered a Gauntlet
 17586 | Gauntlet | Found a transporter.
 17586 | Gauntlet | Found a transporter.
 17587 | Gauntlet | Noticed a tengu warrior
 17589 | Gauntlet | Noticed a death scarab
 17697 | Gauntlet | Found a transporter.
 17697 | Gauntlet | Found a transporter.
 17711 | Gauntlet | Killed a tengu warrior
 17713 | Gauntlet | Found the cursed necklace of Bloodlust {*Rage +Rage MR++
                  | Int-3 Slay+6 *Curse}
 17764 | Gauntlet | Found a transporter.
 17764 | Gauntlet | Found a transporter.
 17767 | Gauntlet | Found a transporter.
 17767 | Gauntlet | Found a transporter.
 17771 | Gauntlet | Found a transporter.
 17771 | Gauntlet | Found a transporter.
 17784 | Gauntlet | Noticed a death ooze
 17793 | Gauntlet | Killed a death ooze
 17793 | Gauntlet | Reached skill level 10 in Invocations
 17793 | Gauntlet | Reached XP level 13. HP: 94/107 MP: 20/20
 17860 | Gauntlet | Found a transporter.
 17861 | Gauntlet | Found the +2 pair of boots of the Assassin {Detection Stab+
                  | Stlth++}
 17873 | Gauntlet | Found a transporter.
 17898 | Gauntlet | Got a distressingly furry cloak
 18156 | Gauntlet | Noticed a minotaur
 18186 | Gauntlet | Killed a minotaur
 18540 | Gauntlet | Identified the cursed -4 cloak of Fapus {Int+6 Slay+2} (You
                  | found it in a Gauntlet)
 18986 | Lair:4   | Found a staircase to the Shoals.
 19195 | Lair:4   | Found a runed translucent gate.
 19195 | Lair:4   | Noticed Doxtoqo's ghost (journeyman DDFi)
 19196 | Lair:4   | Found a runed translucent gate.
 19273 | Lair:4   | Found a runed translucent gate.
 19404 | Lair:4   | Banished Doxtoqo's ghost
 19407 | Lair:4   | Reached skill level 12 in Polearms
 20216 | Lair:5   | Found a runed translucent door.
 20217 | Lair:5   | Noticed Norn's ghost (journeyman OpWz)
 20219 | Lair:5   | Identified the +6 spear of Watchfulness {pierce, +Inv rC+
                  | Int+3}
 20754 | Lair:5   | Killed Norn's ghost
 20991 | Lair:6   | Entered Level 6 of the Lair of Beasts
 21001 | Lair:6   | Found a frozen archway.
 21297 | Lair:6   | Found a staircase to the Slime Pits.
 21474 | Lair:6   | Found a runed translucent door.
 21475 | Lair:6   | Noticed a fire dragon
 22702 | Lair:5   | Reached XP level 14. HP: 95/118 MP: 22/22
 24340 | D:12     | Reached skill level 13 in Polearms
 24829 | D:13     | Got a dazzling flail
 24831 | D:13     | Identified the +7 flail of Dominance {crush, Int+2} (You
                  | found it on level 13 of the Dungeon)
 25837 | D:13     | You fall through a shaft for 2 floors!
 25837 | D:15     | Entered Level 15 of the Dungeon
 25837 | D:15     | Found a staircase to the Depths.
 25972 | D:14     | Got a crude glaive
 25973 | D:14     | Identified the +4 glaive of Melee {vamp, rElec} (You found
                  | it on level 14 of the Dungeon)
 26002 | D:14     | Reached skill level 10 in Fighting
 26150 | Abyss:1  | Noticed a starcursed mass
 26164 | Abyss:1  | Noticed a tentacled starspawn
 26174 | D:14     | Escaped the Abyss
 27145 | D:14     | Identified Roxanne's Grimoire of Changing
 27145 | D:14     | Noticed Roxanne
 27639 | D:14     | Killed Roxanne
 27963 | D:14     | Reached XP level 15. HP: 115/126 MP: 23/23
 28025 | D:14     | Found a gate to the Vaults.
 28227 | Orc:1    | Entered Level 1 of the Orcish Mines
 28539 | Orc:1    | Noticed Maurice
 28552 | Orc:1    | Killed Maurice
 28596 | Orc:1    | Found a roughly hewn altar of Beogh.
 28823 | Orc:1    | Found a bloodstained altar of Trog.
 28860 | Orc:1    | Found Jihyvvus's Magic Scroll Shop.
 28894 | Orc:1    | Bought a scroll of blinking for 112 gold pieces
 29062 | Orc:2    | Entered Level 2 of the Orcish Mines
 30257 | Orc:2    | Found a staircase to the Elven Halls.
 30434 | Orc:2    | Mangled by an orc warrior

Skill      XL: |  1  2  3  4  5  6  7  8  9 10 11 12 13 14 15 |
---------------+----------------------------------------------+-----
Dodging        | 1 2 3 4 5 6 7 8 9 |  9.5
Armour         | 2 3 4 5 6 7 8 |  8.7
Polearms       | 1 2 4 5 6 7 9 10 11 12 13 | 13.6
Invocations    | 3 4 5 6 7 8 10 11 12 | 12.0
Fighting       | 4 5 6 7 8 9 10 | 10.5
Shields        | 1 2 3 4 |  4.7
Throwing       | 1 |  1.7
Axes           | |  1.7

Action                   |  1- 3 |  4- 6 |  7- 9 | 10-12 | 13-15 || total
-------------------------+-------+-------+-------+-------+-------++-------
Melee: Trident           |   124 |   269 |   326 |   946 |  1730 ||  3395
       Kick              |    13 |    41 |    70 |   288 |   629 ||  1041
Throw: Tomahawk          |       |       |       |    10 |       ||    10
       Javelin           |       |       |       |       |    13 ||    13
Invok: Depart the Abyss  |     1 |       |       |       |     1 ||     2
       Bend Space        |       |       |       |       |     3 ||     3
       Banish            |       |       |       |       |     2 ||     2
       Enter the Abyss   |       |       |       |       |     1 ||     1
  Use: Scroll            |     1 |    12 |     6 |    15 |    18 ||    52
       Potion            |       |       |       |       |     7 ||     7
  Eat: Chunk             |     1 |     6 |     9 |    22 |    22 ||    60
       Ration            |       |       |       |     2 |     6 ||     8
Armor: Leather armour    |    15 |       |   124 |   242 |   331 ||   712
       Ring mail         |    19 |   130 |     7 |       |       ||   156
Dodge: Dodged            |    36 |   102 |   142 |   268 |   579 ||  1127
Block: Buckler           |       |    24 |    42 |   104 |   332 ||   502
       Reflection        |       |       |       |       |    22 ||    22
